[Event "ICC tourney 2395 (75 10)"]
[Site "Internet Chess Club"]
[Date "2021.02.21"]
[Round "6"]
[White "yogokings12"]
[Black "ChalsparoV"]
[Result "1/2-1/2"]
[ICCResult "Game drawn by mutual agreement"]
[WhiteElo "1574"]
[BlackElo "1591"]
[Opening "Caro-Kann: Tartakower (Nimzovich) variation"]
[ECO "B15"]
[NIC "CK.06"]
[Time "18:03:08"]
[PlyCount "138"]
[TimeControl "4500+10"]

1. e4 c6 2. d4 d5 3. Nc3 dxe4 4. Nxe4 Nf6 5. Nxf6+ exf6 6. c3 Bd6 7. Bd3
Qe7+ 8. Qe2 Qxe2+ 9. Nxe2 O-O 10. Be3 Re8 11. O-O-O Nd7 12. Rhe1 Nf8 13.
Bf4 Bxf4+ 14. Nxf4 Bd7 15. Kd2 Rxe1 16. Rxe1 Re8 17. Rxe8 Bxe8 18. c4 Ne6
19. Nxe6 fxe6 20. Ke3 Bf7 21. b4 g6 22. a4 Kf8 23. a5 Ke7 24. f4 b6 25.
axb6 axb6 26. g4 Be8 27. Ke4 b5 28. g5 fxg5 29. fxg5 bxc4 30. Bxc4 Kd6 31.
h4 Bf7 32. b5 cxb5 33. Bxb5 Bg8 34. Be8 Ke7 35. Ba4 Kd6 36. Bd1 Bf7 37. Ba4
Bg8 38. Bb3 Bf7 39. Kf4 Be8 40. Bc4 Ba4 41. Ke4 Bd1 42. Bb5 Bb3 43. Be8 Ke7
44. Bb5 Kd6 45. Bd3 Bd1 46. Ke3 e5 47. Bc4 exd4+ 48. Kxd4 Ke7 49. Ke5 Bf3
50. Be6 Be2 51. Bg8 Kf8 52. Bd5 Kg7 53. Ke6 h5 54. Ke7 Bd3 55. Bf7 Bf5 56.
Be6 Bb1 57. Kd6 Bc2 58. Ke5 Bb1 59. Bd5 Bc2 60. Be4 Bb3 61. Kd6 Ba2 62. Bd5
Bb1 63. Ke5 Bc2 64. Be4 Bb3 65. Bc6 Ba2 66. Bd5 Bb1 67. Be4 Ba2 68. Bd5 Bb1
69. Kd6 Bc2 { Game drawn by mutual agreement } 1/2-1/2

[Event "ICC tourney 2395 (75 10)"]
[Site "Internet Chess Club"]
[Date "2021.02.21"]
[Round "6"]
[White "hello12"]
[Black "awakeprize"]
[Result "0-1"]
[ICCResult "White checkmated"]
[WhiteElo "1423"]
[BlackElo "1478"]
[Opening "Sicilian: Grand Prix attack"]
[ECO "B23"]
[NIC "SI.44"]
[Time "18:03:07"]
[PlyCount "122"]
[TimeControl "4500+10"]

1. e4 c5 2. Nc3 Nc6 3. f4 d6 4. Bb5 Bd7 5. Bxc6 Bxc6 6. Nf3 Nf6 7. d3 g6 8.
O-O Bg7 9. Qe1 O-O 10. Qh4 Qc7 11. f5 Rae8 12. Bh6 a6 13. Bxg7 Kxg7 14. g4
Rh8 15. g5 Nh5 16. Ne2 h6 17. Nf4 hxg5 18. Qxg5 Nxf4 19. Qxf4 Ref8 20. Kh1
b5 21. Rg1 Qb7 22. Qg5 Rh6 23. Nh4 Rfh8 24. Rg4 f6 25. Qf4 g5 26. Qg3 Rxh4
27. Rxh4 Rxh4 28. Rg1 Rh5 29. Kg2 Qc8 30. Kf2 Qh8 31. Ke2 Rxh2+ 32. Rg2
Qh5+ 33. Kf2 Rxg2+ 34. Qxg2 Qh4+ 35. Qg3 Qxg3+ 36. Kxg3 c4 37. Kg4 cxd3 38.
cxd3 d5 39. Kf3 dxe4+ 40. dxe4 g4+ 41. Kxg4 Bxe4 42. Kf4 Bxf5 43. Kxf5 Kf7
44. b3 e6+ 45. Kf4 Kg6 46. Ke4 Kg5 47. Kd4 f5 48. Kc5 f4 49. Kb6 f3 50.
Kxa6 f2 51. Kxb5 f1=Q+ 52. Ka5 Qa1 53. a4 e5 54. b4 e4 55. b5 Qh8 56. b6
Qb8 57. Ka6 e3 58. b7 e2 59. Kb6 e1=Q 60. a5 Qb4+ 61. Kc6 Q8xb7# { White
checkmated } 0-1

[Event "ICC tourney 2395 (75 10)"]
[Site "Internet Chess Club"]
[Date "2021.02.21"]
[Round "6"]
[White "skilledwolf"]
[Black "FlowingMelody"]
[Result "0-1"]
[ICCResult "White resigns"]
[WhiteElo "1531"]
[BlackElo "1402"]
[Opening "Ruy Lopez: closed, Breyer, Borisenko variation"]
[ECO "C95"]
[NIC "RL.25"]
[Time "18:03:06"]
[PlyCount "104"]
[TimeControl "4500+10"]

1. e4 e5 2. Nf3 Nc6 3. Bb5 a6 4. Ba4 Nf6 5. O-O Be7 6. Re1 b5 7. Bb3 d6 8.
c3 O-O 9. h3 Nb8 10. d4 Nbd7 11. Nbd2 Bb7 12. Bc2 Re8 13. d5 c6 14. dxc6
Bxc6 15. b4 Qc7 16. Bb2 Nb6 17. Rc1 Bf8 18. Qe2 g6 19. c4 bxc4 20. Nxc4 Bg7
21. Nxb6 Qxb6 22. Bb1 Rac8 23. Qd2 Red8 24. a3 Qb7 25. Qe2 Bb5 26. Bd3 Bxd3
27. Qxd3 Rxc1 28. Bxc1 Qb5 29. Qxb5 axb5 30. Bg5 Rc8 31. Bxf6 Bxf6 32. Rd1
Rc6 33. Nh2 Be7 34. Rd3 Rc1+ 35. Nf1 Kf8 36. g3 Ke8 37. Kg2 Kd7 38. Ne3 Bg5
39. Nd5 f5 40. exf5 gxf5 41. Nc3 e4 42. Nxe4 fxe4 43. Rd5 Bd8 44. Rxb5 Ra1
45. Rb7+ Kc6 46. Rxh7 Rxa3 47. g4 Rf3 48. b5+ Kxb5 49. Rd7 Bh4 50. Rxd6
Rxf2+ 51. Kg1 e3 52. Re6 e2 { White resigns } 0-1

[Event "ICC tourney 2395 (75 10)"]
[Site "Internet Chess Club"]
[Date "2021.02.21"]
[Round "6"]
[White "ruhanv"]
[Black "akshajp"]
[Result "1/2-1/2"]
[ICCResult "Game drawn by mutual agreement"]
[WhiteElo "1245"]
[BlackElo "1392"]
[Opening "Queen's pawn: London system"]
[ECO "A45"]
[NIC "QP.07"]
[Time "18:03:07"]
[PlyCount "72"]
[TimeControl "4500+10"]

1. d4 Nf6 2. Bf4 d6 3. e3 g6 4. c3 Bg7 5. Nf3 Bg4 6. Be2 Nbd7 7. Nbd2 Nb6
8. e4 Nh5 9. Be3 e5 10. d5 f5 11. h3 Bxf3 12. Bxf3 Nf6 13. Bg5 f4 14. Bg4
h6 15. Bxf6 Qxf6 16. Be6 Nd7 17. Qa4 Qe7 18. Nf3 Kd8 19. Bxd7 Qxd7 20.
Qxd7+ Kxd7 21. c4 g5 22. Ke2 a5 23. Rhc1 b6 24. Rc3 a4 25. Ne1 Ra5 26. f3
Rb8 27. Rac1 Rb7 28. Nd3 Raa7 29. Nb4 Ra8 30. a3 Bf6 31. Nd3 Ra5 32. Kf2 h5
33. b4 axb3 34. Rxb3 Rba7 35. Rcc3 Ra8 36. Nb4 Rg8 { Game drawn by mutual
agreement } 1/2-1/2